AoeStats
← CrazyAgu4400

Arena

506590933Analyzed
2v2 RM · 16d ago on Sep 14, 2026· 45m 1s· 4 players
Game mode
Random Map
Map size
Medium (4 player)
Population
200
Speed
Normal
Resources
Standard
Victory
Conquest
Starting age
Dark Age
Ending age
Imperial Age
RankedLock teamsTeams togetherTeam positionsShared explorationLock speedFull tech treeHidden civsTurbo modeCheats
Victory
Defeat
🇦🇷 Bohemians · Argentina
1074
+11
🇦🇷 Spanish · Argentina
1061
+12
🇩🇪 Persians · Germany
981
-12
🇩🇪 Khmer · Germany
957
-11
CrazyAgu4400
5:05 Loom
9:56 Feudal Age
14:13 Castle Age
13:23 Double-Bit Axe
20:44 Gold Mining
20:48 Town Watch
22:30 Horse Collar
24:00 Inquisition
24:34 Fletching
31:19 Imperial Age
29:56 Bow Saw
30:00 Bodkin Arrow
31:15 Stone Mining
32:19 Wheelbarrow
32:15 Bracer
36:38 Conscription
36:55 Block Printing
37:01 Scale Barding Armor
38:12 Two-Man Saw
37:19 Heavy Plow
37:40 Hand Cart
39:25 Chain Barding Armor
40:55 Chemistry
40:16 Ballistics
39:52 Murder Holes
40:30 Onager
40:49 Elite Skirmisher
41:30 Padded Archer Armor
42:37 Bloodlines
42:28 Husbandry
El dengue
4:10 Loom
9:01 Feudal Age
15:02 Castle Age
17:11 Loom
20:23 Fletching
22:56 Redemption
24:18 Fervor
24:38 Fervor
33:51 Imperial Age
34:13 Chemistry
35:29 Theocracy
36:32 Ballistics
42:24 Wagenburg Tactics
martin.hutthurm
10:25 Feudal Age
14:56 Castle Age
13:21 Double-Bit Axe
13:24 Horse Collar
22:19 Loom
23:36 Fletching
30:42 Imperial Age
28:47 Heavy Plow
29:49 Bodkin Arrow
32:07 Wheelbarrow
33:14 Conscription
33:29 Thumb Ring
35:25 Kamandaran
36:20 Conscription
35:26 Crossbowman
41:13 Husbandry
41:24 Bloodlines
40:36 Cavalier
43:18 Chemistry
42:39 Ballistics
42:15 Murder Holes
43:49 Padded Archer Armor
43:59 Forging
43:55 Scale Barding Armor
TomCaine
10:50 Feudal Age
11:58 Loom
16:27 Castle Age
14:56 Double-Bit Axe
17:17 Gold Mining
22:24 Fletching
23:32 Gold Shaft Mining
25:27 Bow Saw
35:04 Imperial Age
33:01 Forging
34:11 Scale Barding Armor
34:42 Bodkin Arrow
35:27 Husbandry
36:25 Conscription
39:10 Double Crossbow
39:37 Conscription
39:46 Bloodlines
38:57 Light Cavalry
39:05 Onager
Connection lost

Rejoining the realm…

Still unreachable

The connection could not be restored.

Session expired

The server has moved on; the page needs a fresh start.